 Dungeon Crawl Stone Soup version 0.21.0-3-g78d12a8 (webtiles) character file.

118 manyhoops the Fighter (level 5, 0/57 HPs)
             Began as a Gnoll Wanderer on Jan 12, 2018.
             Was a Follower of Qazlal.
             Killed by divine providence
             ... invoked by an orc priest
              (13 damage)
             ... on level 2 of the Dungeon.
             The game lasted 00:02:05 (1272 turns).

manyhoops the Fighter (Gnoll Wanderer)              Turns: 1272, Time: 00:02:06

Health: 0/57       AC:  5    Str: 13    XL:     5   Next: 2%
Magic:  7/7        EV: 11    Int: 13    God:    Qazlal [*.....]
Gold:   111        SH:  1    Dex: 18    Spells: 6/6 levels left

rFire    . . .     SeeInvis .   b - +0 hand axe
rCold    . . .     Gourm    .   (no shield)
rNeg     . . .     Faith    .   h - +0 ring mail
rPois    .         Spirit   .   (no helmet)
rElec    .         Reflect  .   (no cloak)
rCorr    .         Harm     .   (no gloves)
MR       .....                  (no boots)
Stlth    +.........             (no amulet)
HPRegen  0.19/turn              (no ring)
MPRegen  0.10/turn              (no ring)

@: no status effects
A: distributed training, fangs 1, strong nose
a: Renounce Religion


You were on level 2 of the Dungeon.
You worshipped Qazlal.
Qazlal was aware of your devotion.
You were not hungry.

You visited 1 branch of the dungeon, and saw 2 of its levels.

You collected 111 gold pieces.

Inventory:

Hand Weapons
 b - a +0 hand axe (weapon)
 c - a +0 shortbow
 t - a +0 hunting sling of freezing
Missiles
 d - 24 arrows
 u - 27 stones (quivered)
Armour
 e - a +0 robe
 h - a +0 ring mail (worn)
 s - a +0 helmet
Wands
 a - a wand of flame (15)
Scrolls
 g - a scroll of amnesia {unknown}
 l - a scroll of teleportation {unknown}
 m - a scroll of identify {unknown}
 n - a scroll of magic mapping {unknown}
 p - a scroll of remove curse {unknown}
 v - 2 scrolls of enchant armour {unknown}
Potions
 i - a potion of agility
 j - a potion of curing
 k - a potion of degeneration {unknown}
 o - a potion of heal wounds {unknown}
 q - a potion of cancellation {unknown}
 w - a potion of ambrosia {unknown}
Comestibles
 f - 4 rations
 r - 2 chunks of flesh


   Skills:
 + Level 12.0 Fighting
 + Level 1.2 Short Blades
 + Level 1.2 Long Blades
 + Level 1.2 Axes
 + Level 1.2 Maces & Flails
 + Level 1.2 Polearms
 + Level 1.2 Staves
 + Level 1.2 Slings
 + Level 2.8 Bows
 + Level 1.2 Crossbows
 + Level 2.8 Throwing
 + Level 2.8 Armour
 + Level 1.2 Dodging
 + Level 1.2 Stealth
 + Level 1.2 Shields
 + Level 1.2 Unarmed Combat
 + Level 1.2 Spellcasting
 + Level 1.0 Conjurations
 + Level 1.0 Hexes
 + Level 1.0 Charms
 + Level 1.0 Summonings
 + Level 1.0 Necromancy
 + Level 1.0 Translocations
 + Level 1.0 Transmutations
 + Level 1.0 Fire Magic
 + Level 1.0 Ice Magic
 + Level 1.0 Air Magic
 + Level 1.0 Earth Magic
 + Level 1.0 Poison Magic
 + Level 1.4 Invocations
 + Level 2.8 Evocations


You had 6 spell levels left.
You didn't know any spells.

Dungeon Overview and Level Annotations

Branches:
Dungeon (2/15)

Altars:
Qazlal


Innate Abilities, Weirdness & Mutations

Your experience applies equally to all skills.
You have very sharp teeth.
Your uncanny sense of smell can sniff out nearby items.


Message History

You hit the orc but do no damage. The orc hits you but does no damage.
The orc priest calls upon Beogh to heal the orc.
The orc is healed somewhat.
The orc hits you with a club.
* * * LOW HITPOINT WARNING * * *
You hit the orc priest.
The orc priest is heavily wounded.
You hit the orc but do no damage. The orc priest closely misses you.
The orc hits you but does no damage.
An orc priest comes into view. It is wielding a dagger.
The orc priest shouts!
You hit the orc priest but do no damage.
The orc priest is heavily wounded.
You hit the orc but do no damage. The orc priest completely misses you.
The orc misses you.
You barely miss the orc priest.
The orc priest is heavily wounded.
You hit the orc.
The orc priest invokes the aid of Beogh against you.
Beogh smites you!
You die...

##.# #.# #.........#
.#.####.# #.....######
.#..........#'#......#
...#. ....#.#.#......#
.#.#.##.#.#.#.#......#
.#.# #..#.....'......#
.#.# #.#.#.#......#
.#.# .#.#.#......##.
.#.# ......o@.......
.#.# ...#.##o######.
.#.#.####.###. .K.
.#.#......###.#....
†#.#####)...#.#.....
.......'....# #......
.......#....# #....o.#
.#......###.# #......#
≈.≈..≈..# .#


You could see 2 orc priests, an orc and a kobold.

Vanquished Creatures
  Robin (D:2)
  4 gnolls (D:2)
  An ooze (D:2)
  A worm (D:2)
  A leopard gecko (D:1)
  2 orcs (D:2)
  2 giant cockroaches (D:1)
  5 hobgoblins
  2 jackals (D:1)
  A ball python (D:2)
  4 bats
  4 frilled lizards
  14 goblins
  10 kobolds
  2 rats
54 creatures vanquished.

Notes
Turn   | Place    | Note
-------+----------+-------------------------------------------
     0 | D:1      | Reached skill level 12 in Fighting
     0 | D:1      | manyhoops the Gnoll Wanderer began the quest for the Orb.
     0 | D:1      | manyhoops set off with: a wand of flame (15), a +0 hand axe, a +0 shortbow, 24 arrows, a +0 robe, a ration
     0 | D:1      | Reached XP level 1. HP: 31/31 MP: 2/2
    52 | D:1      | Reached XP level 2. HP: 25/38 MP: 3/3
   381 | D:1      | Reached XP level 3. HP: 40/44 MP: 4/4
   882 | D:2      | Found a faded altar of an unknown god.
   885 | D:2      | Noticed Robin
   894 | D:2      | Reached skill level 1 in Invocations
   905 | D:2      | Reached skill level 1 in Short Blades
   905 | D:2      | Reached skill level 1 in Long Blades
   905 | D:2      | Reached skill level 1 in Axes
   905 | D:2      | Reached skill level 1 in Maces & Flails
   905 | D:2      | Reached skill level 1 in Polearms
   905 | D:2      | Reached skill level 1 in Staves
   905 | D:2      | Reached skill level 1 in Slings
   905 | D:2      | Reached skill level 1 in Crossbows
   905 | D:2      | Reached skill level 1 in Dodging
   905 | D:2      | Reached skill level 1 in Stealth
   905 | D:2      | Reached skill level 1 in Shields
   905 | D:2      | Reached skill level 1 in Unarmed Combat
   905 | D:2      | Reached skill level 1 in Spellcasting
   908 | D:2      | Reached XP level 4. HP: 39/51 MP: 4/6
   917 | D:2      | Killed Robin
   956 | D:2      | Became a worshipper of Qazlal Stormbringer
   956 | D:2      | Reached * piety under Qazlal
  1060 | D:2      | Reached skill level 1 in Conjurations
  1060 | D:2      | Reached skill level 1 in Hexes
  1060 | D:2      | Reached skill level 1 in Charms
  1060 | D:2      | Reached skill level 1 in Summonings
  1060 | D:2      | Reached skill level 1 in Necromancy
  1060 | D:2      | Reached skill level 1 in Translocations
  1060 | D:2      | Reached skill level 1 in Transmutations
  1060 | D:2      | Reached skill level 1 in Fire Magic
  1060 | D:2      | Reached skill level 1 in Ice Magic
  1060 | D:2      | Reached skill level 1 in Air Magic
  1060 | D:2      | Reached skill level 1 in Earth Magic
  1060 | D:2      | Reached skill level 1 in Poison Magic
  1261 | D:2      | Reached XP level 5. HP: 52/57 MP: 7/7
  1272 | D:2      | Killed from afar by an orc priest

Skill      XL: |  1  2  3  4 |
---------------+-------------+-----
Fighting       | | 12.0
Invocations    | 1 |  1.4
Short Blades   | 1 |  1.2
Long Blades    | 1 |  1.2
Axes           | 1 |  1.2
Maces & Flails | 1 |  1.2
Polearms       | 1 |  1.2
Staves         | 1 |  1.2
Slings         | 1 |  1.2
Crossbows      | 1 |  1.2
Dodging        | 1 |  1.2
Stealth        | 1 |  1.2
Shields        | 1 |  1.2
Unarmed Combat | 1 |  1.2
Spellcasting   | 1 |  1.2
Conjurations   | 1 |  1.0
Hexes          | 1 |  1.0
Charms         | 1 |  1.0
Summonings     | 1 |  1.0
Necromancy     | 1 |  1.0
Translocations | 1 |  1.0
Transmutations | 1 |  1.0
Fire Magic     | 1 |  1.0
Ice Magic      | 1 |  1.0
Air Magic      | 1 |  1.0
Earth Magic    | 1 |  1.0
Poison Magic   | 1 |  1.0
Bows           | |  2.8
Throwing       | |  2.8
Armour         | |  2.8
Evocations     | |  2.8

Action                   |  1- 3 |  4- 6 || total
-------------------------+-------+-------++-------
Melee: Hand axe          |    97 |    36 ||   133
       Bite              |    17 |     4 ||    21
 Fire: Hunting sling     |       |    14 ||    14
  Use: Potion            |     2 |       ||     2
  Eat: Chunk             |       |     1 ||     1
Armor: Robe              |    14 |       ||    14
       Ring mail         |    42 |     8 ||    50
Dodge: Dodged            |   106 |    40 ||   146
Block: Other             |       |     1 ||     1
